Map: Acid Plant LE

Players

Impact

  • Race: Zerg Zerg
  • Spawn Location: 5:00

Dear - Winner!

  • Race: Protoss Protoss
  • Spawn Location: 11:00

Event: IEM Season 12 - Katowice

VOD

Have the link to the VOD?

Description

Time

  • Played on: March 3, 2018, 7:19 a.m.
  • Length: 11:17

All games in this series

Show
View Real Time Build Order
Export as new Build Order

Impact Zerg 

Build Orders: Hatch First, Lurkers, Roach Hydra 

Get SALT Encoding   

  12  0:00  Drone  
  13  0:12  Overlord  
  13  0:17  Drone  
  14  0:30  Drone x2  
  14  0:34  Drone  
  17  0:51  Hatchery  
  17  0:54  Drone  
  17  0:58  Drone  
  18  1:08  Extractor  
  17  1:12  Spawning Pool  
  17  1:16  Drone  
  17  1:19  Drone  
  18  1:27  Drone  
  19  1:38  Drone  
  20  1:49  Drone  
  21  1:59  Zergling x2  
  22  2:02  Queen x2  
  22  2:03  Overlord  
  22  2:08  Metabolic Boost  
  26  2:12  Drone  
  26  2:14  Drone  
  28  2:22  Drone  
  29  2:24  Drone  
  30  2:36  Zergling x2  
  31  2:38  Hatchery  
  31  2:42  Drone  
  31  2:44  Drone  
  32  2:53  Overlord  
  32  2:54  Queen  
  32  2:56  Drone  
  35  3:02  Drone  
  36  3:12  Drone x2  
  38  3:13  Drone x3  
  38  3:14  Overlord  
  38  3:16  Drone  
  38  3:18  Drone  
  43  3:21  Drone  
  43  3:24  Overlord  
  44  3:32  Queen  
  46  3:34  Drone  
  46  3:35  Zergling x2  
  46  3:38  Spore Crawler  
  47  3:42  Overlord  
  47  3:43  Zergling x4  
  47  3:44  Zergling x2  
  47  3:46  Zergling x2  
  51  3:49  Spore Crawler  
  51  3:50  Drone  
  51  3:55  Drone  
  52  3:57  Drone  
  53  4:04  Drone  
  53  4:06  Overlord  
  53  4:07  Drone  
  53  4:09  Spore Crawler  
  54  4:11  Drone x4  
  54  4:13  Drone x2  
  54  4:14  Drone  
  61  4:21  Roach Warren  
  61  4:22  Extractor  
  61  4:23  Extractor  
  61  4:24  Drone  
  59  4:26  Drone  
  59  4:30  Drone x3  
  63  4:32  Drone  
  63  4:35  Drone x2  
  65  4:39  Lair  
  65  4:40  Drone x2  
  67  4:47  Drone  
  67  4:49  Drone x2  
  67  4:50  Evolution Chamber, Drone x2  
  71  4:54  Drone x2  
  71  4:55  Drone, Overlord  
  71  4:59  Overlord  
  74  5:00  Overlord  
  74  5:03  Overlord  
  74  5:14  Extractor  
  73  5:15  Roach x4  
  73  5:18  Roach x2  
  73  5:19  Spore Crawler  
  84  5:23  Drone x2, Zerg Missile Weapons Level 1  
  84  5:24  Drone  
  84  5:25  Roach  
  84  5:26  Roach  
  84  5:28  Roach  
  92  5:31  Roach x2  
  92  5:34  Roach, Zergling x4  
  101  5:35  Zergling x2  
  101  5:41  Roach x2  
  104  5:43  Glial Reconstitution  
  104  5:44  Spine Crawler  
  104  5:45  Roach  
  104  5:47  Extractor  
  104  5:52  Roach  
  104  5:53  Overlord x2  
  104  5:54  Overlord  
  105  5:58  Overlord  
  101  6:06  Roach x2, Zergling x2  
  101  6:07  Roach  
  100  6:17  Roach x4  
  101  6:23  Drone  
  100  6:30  Drone x2  
  102  6:36  Extractor  
  102  6:37  Drone x2  
  103  6:45  Drone  
  103  6:46  Drone  
  105  6:47  Drone x2  
  105  6:50  Hydralisk Den  
  106  6:54  Drone x3  
  106  6:55  Drone  
  106  6:56  Drone  
  106  6:59  Drone, Ravager  
  113  7:04  Drone x3  
  113  7:05  Hatchery  
  115  7:08  Drone x2  
  115  7:11  Drone  
  118  7:23  Drone, Grooved Spines  
  118  7:24  Lurker Den  
  118  7:28  Drone  
  118  7:29  Drone, Hydralisk x2  
  124  7:34  Overlord  
  124  7:35  Overlord x3  
  124  7:37  Overseer  
  124  7:39  Extractor, Hydralisk  
  124  7:40  Hydralisk  
  124  7:41  Extractor  
  125  7:44  Hydralisk x2  
  125  7:46  Ravager x2  
  125  7:48  Roach  
  125  7:49  Roach  
  125  7:51  Ravager, Overlord  
  136  7:56  Hydralisk x2  
  140  7:59  Overlord  
  140  8:01  Hydralisk  
  140  8:02  Zergling x2  
  143  8:07  Hydralisk  
  143  8:08  Zergling x2  
  143  8:09  Hydralisk  
  143  8:10  Zergling x4  
  146  8:14  Hydralisk  
  146  8:16  Drone  
  146  8:18  Drone x2  
  147  8:25  Drone  
  147  8:26  Drone  
  149  8:27  Drone  
  149  8:28  Drone x3  
  149  8:29  Zerg Missile Weapons Level 2  
  149  8:31  Zergling x2  
  154  8:34  Hydralisk  
  154  8:35  Muscular Augments  
  154  8:36  Hydralisk  
  154  8:39  Hydralisk  
  160  8:43  Zergling x8  
  160  8:47  Spore Crawler, Zergling x2  
  164  8:50  Hydralisk  
  164  8:51  Zergling x4  
  168  8:58  Hydralisk x2  
  168  8:59  Zergling x2  
  171  9:03  Hydralisk, Zergling x4  
  171  9:06  Hydralisk  
  171  9:07  Zergling x2  
  171  9:09  Hydralisk  
  176  9:10  Zergling x2  
  176  9:11  Zergling x2  
  179  9:18  Lurker  
  179  9:19  Lurker x5  
  179  9:20  Lurker  
  179  9:22  Hydralisk  
  188  9:28  Hydralisk x2  
  188  9:30  Overlord  
  192  9:39  Baneling Nest  
  192  9:43  Overlord, Lurker  
  191  9:48  Zergling x2  
  188  9:55  Hydralisk x4  
  188  9:56  Zergling x16  
  188  9:58  Hydralisk  
  194  10:00  Hydralisk  
  194  10:01  Zergling x2  
  194  10:03  Zergling x2  
  185  10:08  Hydralisk  
  185  10:09  Zergling x2  
  185  10:12  Hydralisk  
  185  10:13  Zergling x8  
  171  10:15  Zergling x2  
  147  10:21  Hydralisk x2  
  147  10:22  Zergling x4  
  147  10:24  Roach  
  147  10:26  Roach  
  134  10:31  Roach x2  
  134  10:34  Roach x2  
  140  10:36  Roach  
  140  10:38  Roach  
  140  10:40  Lurker x2  
  140  10:41  Lurker  
  147  10:45  Lurker x2  
  147  10:46  Ravager x2  
  147  10:49  Roach  
  144  10:51  Roach  
  144  10:52  Roach  
  144  10:54  Roach  
Show
View Real Time Build Order
Export as new Build Order

Dear Protoss - Winner!

Build Orders: 1 Gate Expand, Oracle Opening, Phoenix Opening, Archon Immortal, Zealot Archon 

Get SALT Encoding   

  12  0:00  Probe  
  13  0:12  Probe  
  14  0:20  Pylon  
  14  0:24  Probe  
  15  0:38  Probe (Chrono Boost)  
  16  0:44  Gateway  
  16  0:47  Probe (Chrono Boost), Assimilator  
  17  0:52  Probe (Chrono Boost)  
  18  1:04  Probe  
  19  1:16  Probe  
  20  1:23  Nexus  
  20  1:35  Cybernetics Core  
  20  1:37  Probe  
  21  1:43  Assimilator  
  21  1:49  Probe  
  22  1:54  Pylon  
  22  2:01  Probe  
  23  2:10  Adept (Chrono Boost)  
  23  2:13  Probe  
  26  2:16  Stargate  
  26  2:24  Warp Gate  
  26  2:25  Probe (Chrono Boost)  
  26  2:29  Adept  
  27  2:35  Probe (Chrono Boost)  
  30  2:37  Probe (Chrono Boost)  
  32  2:45  Probe (Chrono Boost)  
  32  2:46  Probe (Chrono Boost)  
  32  2:50  Probe (Chrono Boost)  
  33  2:52  Probe  
  35  3:00  Phoenix (Chrono Boost)  
  35  3:02  Probe  
  35  3:04  Probe  
  39  3:08  Pylon  
  39  3:14  Probe  
  39  3:16  Probe  
  39  3:18  Oracle (Chrono Boost)  
  44  3:22  Gateway  
  44  3:26  Probe  
  45  3:28  Probe  
  46  3:38  Probe  
  46  3:40  Probe, Twilight Council  
  48  3:42  Gateway  
  48  3:46  Pylon  
  48  3:49  Adept  
  48  3:51  Probe  
  48  3:52  Probe  
  48  3:55  Assimilator  
  52  3:56  Assimilator  
  52  4:03  Probe  
  52  4:04  Probe  
  54  4:11  Resonating Glaives (Chrono Boost)  
  54  4:13  Pylon  
  54  4:15  Probe, Robotics Facility  
  54  4:16  Probe  
  56  4:26  Adept  
  56  4:27  Adept  
  60  4:32  Pylon  
  60  4:38  Adept  
  60  4:43  Nexus  
  62  4:55  Shield Battery  
  62  5:00  Adept x3  
  62  5:03  Warp Prism  
  70  5:07  Pylon  
  70  5:20  Adept x3  
  76  5:22  Forge  
  76  5:28  Probe x2  
  78  5:39  Observer  
  78  5:41  Pylon  
  79  5:43  Probe x2, Charge (Chrono Boost)  
  79  6:00  Immortal (Chrono Boost)  
  79  6:01  Protoss Ground Weapons Level 1 (Chrono Boost), Gateway  
  79  6:04  Gateway  
  79  6:06  Gateway  
  75  6:20  Templar Archives  
  75  6:21  Gateway  
  75  6:23  Gateway  
  71  6:29  Immortal (Chrono Boost)  
  71  6:30  Zealot x3  
  75  6:37  Shield Battery  
  75  6:38  Shield Battery  
  73  6:41  Pylon  
  73  6:53  Zealot x2  
  77  6:55  Zealot  
  77  6:56  Immortal (Chrono Boost)  
  83  7:02  Pylon  
  83  7:06  Zealot, High Templar x2  
  89  7:10  Archon  
  89  7:16  Adept  
  89  7:17  Adept  
  89  7:19  Probe x3  
  89  7:21  High Templar x3  
  89  7:22  Zealot, High Templar  
  102  7:25  Archon  
  102  7:27  Pylon  
  102  7:28  Archon  
  102  7:29  Pylon  
  102  7:31  Zealot  
  102  7:32  Probe x3  
  102  7:34  Pylon  
  107  7:40  Protoss Ground Weapons Level 2 (Chrono Boost)  
  107  7:44  Probe x2, Psionic Storm  
  107  7:45  Probe  
  107  7:47  Adept x3  
  107  7:51  Assimilator  
  116  7:52  Assimilator  
  116  8:01  Probe x3  
  119  8:07  Immortal  
  119  8:25  Pylon  
  122  8:31  High Templar x2  
  122  8:32  Zealot x6  
  135  8:35  Pylon x2  
  135  8:49  Photon Cannon  
  135  8:51  Photon Cannon  
  135  8:52  Shield Battery, High Templar x2  
  139  8:56  Immortal (Chrono Boost)  
  139  9:01  Zealot x4  
  149  9:22  High Templar x2  
  149  9:23  Zealot x4  
  161  9:26  Zealot, Sentry  
  165  9:33  Pylon  
  165  9:34  Pylon x2  
  165  9:36  Pylon  
  165  9:49  Immortal (Chrono Boost)  
  167  9:55  Zealot x7  
  167  9:56  Zealot  
  133  10:20  Immortal (Chrono Boost)  
  130  10:22  Archon x2  
  130  10:23  Zealot x2  
  130  10:24  Zealot x6  
  137  10:44  High Templar x5  
  137  10:45  Zealot x2, Observer (Chrono Boost), High Templar  
  137  10:49  Archon x3  
  154  10:50  Nexus  
  154  10:54  Pylon  
  138  11:10  Zealot x2  

Tags
 
Add a new tag
Caveats
  • Supply blocks, unpowered buildings, or Contaminate may cause inaccurate times.
  • Supply counts are checked every 10 seconds.